 Dungeon Crawl Stone Soup version 0.29-a0-234-g0dae59b3db (webtiles) character file.

Game seed: 11718123737459039626

12772 spaghetti the Convoker (level 11, -3/68 HPs)
             Began as a Demonspawn Summoner on Mar 2, 2022.
             Was a Priest of Cheibriados.
             Slain by a yak (11 damage)
             ... on level 2 of the Lair of Beasts.
             The game lasted 00:29:32 (15646 turns).

spaghetti the Convoker (Demonspawn Summoner)       Turns: 15646, Time: 00:29:33

Health: -3/68      AC: 14    Str: 17    XL:     11   Next: 66%
Magic:  13/20      EV:  7    Int: 28    God:    Cheibriados [***...]
Gold:   979        SH:  0    Dex: 25    Spells: 12/22 levels left

rFire   . . .      SeeInvis +   F - +10 lajatang of Action {venom, *Rage rElec Dex+3 SInv, staff}
rCold   . . .      Faith    .   (shield currently unavailable)
rNeg    . . .      Spirit   .   e - +0 plate armour
rPois   .          Reflect  .   i - +0 helmet
rElec   +          Harm     .   (no cloak)
rCorr   .          Rampage  .   r - +2 pair of gloves {hurl}
Will    .....      Rage     20% (boots unavailable)
Stlth   ..........              b - amulet of the acrobat
HPRegen 0.21/turn               (no ring)
MPRegen 0.17/turn               (no ring)

@: lethally poisoned (-3 -> -33), on berserk cooldown, slowed, very slow
A: hooves 3, spiny 1, sturdy frame 1
a: Renounce Religion, Bend Time, Temporal Distortion


You were on level 2 of the Lair of Beasts.
You worshipped Cheibriados.
Cheibriados was most pleased with you.
You visited 3 branches of the dungeon, and saw 13 of its levels.

You collected 979 gold pieces.


Innate Abilities, Weirdness & Mutations

You have hooves in place of feet.
You are partially covered in sharp spines.
Your movements are slightly less encumbered by armour. (ER -2)


   Skills:
 - Level 1.7 Dodging
 - Level 1.7 Stealth
 - Level 6.0 Spellcasting
 + Level 15.5 Summonings
 - Level 12.0 Invocations


You had 12 spell levels left.
You knew the following spells:

 Your Spells              Type           Power      Damage    Failure   Level
a - Call Canine Familiar  Summ           77%        N/A       1%          3
b - Summon Hydra          Summ           38%        N/A       94%         7

Your spell library contained the following spells:

 Spells                   Type           Power      Damage    Failure   Level
 Summon Small Mammal      Summ           100%       N/A       1%          1
 Call Imp                 Summ           77%        N/A       1%          2
 Summon Guardian Golem    Hex/Summ       51%        N/A       21%         3
 Summon Lightning Spire   Summ/Air       51%        N/A       56%         4
 Sublimation of Blood     Necr           8%         N/A       94%         2
 Wereblood                Tmut           8%         N/A       94%         2
 Borgnjor's Revivificati  Necr           4%         N/A       100%        8
 Necromutation            Tmut/Necr      4%         N/A       100%        8
 Death's Door             Necr           4%         N/A       100%        9

Inventory:

Hand Weapons
 c - a +0 whip {mace}
   (You took it off a kobold on level 1 of the Dungeon)
 g - a +1 short sword of venom {short}
   (You took it off a kobold on level 1 of the Dungeon)
 v - the +9 mace "Xoall" {flame, Will+ Str+4, mace}
   (You found it on level 4 of the Dungeon)

   It burns those it strikes, dealing additional fire damage.
   Str:       It affects your strength (+4).
   Will:      It increases your willpower.
 w - a +2 spear of venom {polearm}
   (You took it off a gnoll on level 5 of the Dungeon)
 F - the +10 lajatang of Action (weapon) {venom, *Rage rElec Dex+3 SInv, staff}
   (You found it on level 1 of the Lair of Beasts)

   It poisons the flesh of those it strikes.
   Dex:       It affects your dexterity (+3).
   rElec:     It insulates you from electricity.
   SInv:      It lets you see invisible.
   *Rage:     It berserks you when you make melee attacks (+20% chance).
Missiles
 d - 277 stones (quivered) {throwing}
 p - 4 throwing nets {=f!fthrowing}
 y - 16 poisoned darts {throwing}
 D - a curare-tipped dart {=fthrowing}
 G - 7 boomerangs {throwing}
Armour
 a - a +0 robe
 e - a +0 plate armour (worn)
   (You found it on level 1 of the Dungeon)
 i - a +0 helmet (worn)
   (You found it on level 1 of the Dungeon)
 r - a +2 pair of gloves of hurling (worn)
   (You found it on level 3 of the Dungeon)
Jewellery
 b - an amulet of the acrobat (around neck)
   (You found it on level 2 of the Dungeon)
 B - a ring of fire
   (You found it on level 6 of the Dungeon)
Wands
 s - a wand of iceblast (7)
   (You found it on level 3 of the Dungeon)
 t - a wand of flame (22)
   (You found it on level 4 of the Dungeon)
 C - a wand of charming (5)
   (You found it on level 9 of the Dungeon)
Scrolls
 f - a scroll of noise {!r}
 h - 4 scrolls of teleportation {@r4}
 j - a scroll of fog {unknown}
 m - 2 scrolls of blinking {unknown}
 q - 3 scrolls of enchant armour {unknown}
 x - a scroll of magic mapping {unknown}
 z - a scroll of enchant weapon
 A - a scroll of torment {unknown}
Potions
 k - a potion of haste {forbidden@q3}
 l - a potion of curing {@q1}
 n - a potion of magic {unknown}
 o - a potion of berserk rage {!q}
 u - 2 potions of mutation {!q}
 H - a potion of heal wounds {@q2}
Miscellaneous
 E - a piece from Xom's chessboard (15/15) {forbidden}
   (You found it on level 9 of the Dungeon)

Dungeon Overview and Level Annotations

Branches:
Dungeon (10/15)            Temple (1/1) D:4            Lair (2/6) D:9
  Swamp: Lair:2-4    Shoals: Lair:2-4     Snake: Lair:2-4    Spider: Lair:2-4
    Orc: D:9-12

Altars:
Ashenzari
Cheibriados
Dithmenos
Elyvilon
Fedhas
Gozag
Hepliaklqana
Kikubaaqudgha
Makhleb
Nemelex Xobeh
Okawaru
Qazlal
Ru
Sif Muna
Trog
Uskayaw
Vehumet
Wu Jian
Xom
Yredelemnul
Zin
The Shining One

Shops:
D:5 *(

Annotations:
D:4 2 transporters
D:9 exclusion: door

#### ##.P##
####.YY.###
#....Y@...##
#....h.†...###
....(...#.....####
.......#.#.P.....#
.......#####.....###
.P..... ####....##
##.[... ##....####
....## ###.....#
###...#


You could see a polar bear (berserk) and 3 yaks.


Message History

You start waiting.
You feel a strong urge to attack something.
You are no longer berserk.
You are exhausted.
You feel yourself slow down. 😎 HP[-34]
You now have 68 max hp (-34).
A yak comes into view.
The yak bellows!
You hear a bellow!
A black mamba comes into view.
A yak comes into view.
Casting: Call Canine Familiar (safe; 1% risk of failure)
Confirm with . or Enter, or press ? or * to list all spells.
The black mamba hisses angrily.
A polar bear comes into view. 😎 MP[-3]
You lost 3 mp, and now have 17/20 mp.
Throw: 278 stones {throwing}
Press: ? - help, Q - select action, (/) - cycle Shift-Dir - straight line, f - black mamba
Aim: a black mamba (55% to hit)
You throw a stone {throwing}.
The stone {throwing} hits the black mamba but does no damage.
Your warg bites the yak.
A yak comes into view.
The yak gores your warg.
The black mamba is struck by your spines.
The black mamba bites you but does no damage.
Your warg barely misses the yak.
The yak gores your warg.
You slash the black mamba! You kick the black mamba.
The black mamba is struck by your spines.
The black mamba bites you.
You are poisoned.
The black mamba poisons you!
The black mamba is struck by your spines.
The black mamba bites you but does no damage.
Your warg barely misses the yak.
The black mamba bites you.
You are more poisoned.
The black mamba poisons you! The yak closely misses your warg.
The black mamba bites you!
Your warg closely misses the yak. 😮 HP[-17] MP[+1]
You take 17 damage, and now have 51/68 hp.
MASSIVE DAMAGE!! (PAUSE) Unknown command.
Unknown command.
You hit the black mamba.
You feel extremely sick.
The black mamba is struck by your spines.
The black mamba closely misses you.
The black mamba is struck by your spines.
The black mamba barely misses you.
Your warg barely misses the yak.
The yak gores your warg but does no damage.
The black mamba bites you!
* * * LOW HITPOINT WARNING * * *
Your warg barely misses the yak.
The yak gores your warg! The black mamba bites you.
* * * LOW HITPOINT WARNING * * *
You are more poisoned.
The black mamba poisons you! 😨 HP[-26]
You take 26 damage, and now have 25/68 hp.
MASSIVE DAMAGE!! (PAUSE)
Okay, then.
Okay, then.
Activating: Slouch (1% risk of failure)
Press: ? - help, Dir - look around, f - activate Really Slouch near your warg?
You can feel time thicken for a moment.
You kill the black mamba!
Cheibriados thoroughly appreciates the change of pace.
You kill your warg!
Your warg's corpse disappears in a puff of smoke!
You can no longer inflict damage on those overly hasty.
Cheibriados lowers the support of your attributes as your movement quickens.
* * * LOW HITPOINT WARNING * * *
You feel extremely sick.
The polar bear bites you but does no damage.
The polar bear claws you but does no damage. x2
The yak barely misses you.
The polar bear goes berserk!
The yak gores you but does no damage. 😱 HP[-9] MP[-5]
You take 9 damage, and now have 16/68 hp.
You lost 5 mp, and now have 13/20 mp.
Unknown command.
Okay, then.
Okay, then.
You feel much better.
* * * LOW HITPOINT WARNING * * *
You feel extremely sick.
The polar bear is struck by your spines.
The polar bear barely misses you.
The polar bear claws you but does no damage.
The polar bear claws you.
* * * LOW HITPOINT WARNING * * *
The yak gores you.
* * * LOW HITPOINT WARNING * * *
The polar bear bites you!
* * * LOW HITPOINT WARNING * * *
The polar bear claws you but does no damage.
The polar bear barely misses you. The yak gores you!
You die...

Skill      XL: |  1  2  3  4  5  6  7  8  9 10 11 |
---------------+----------------------------------+-----
Summonings     | 5 6 8 10 11 13 15 | 15.5
Spellcasting   | 3 4 5 6 |  6.0
Invocations    | 4 9 12 | 12.0
Dodging        | |  1.7
Stealth        | |  1.7

Action                   |  1- 3 |  4- 6 |  7- 9 | 10-12 || total
-------------------------+-------+-------+-------+-------++-------
Melee: Whip              |    14 |       |       |       ||    14
       Unarmed           |     4 |       |       |       ||     4
       Punch             |     1 |       |     3 |     1 ||     5
       Short sword       |    46 |    85 |       |       ||   131
       Kick              |    10 |    20 |    52 |    50 ||   132
       Mace              |       |     9 |   183 |   114 ||   306
       Lajatang          |       |       |       |    23 ||    23
Throw: Stone             |       |       |    91 |    62 ||   153
       Throwing net      |       |       |     1 |       ||     1
 Cast: Summon Small Mamm |    26 |       |       |       ||    26
       Call Canine Famil |       |       |    24 |    27 ||    51
Invok: Bend Time         |       |       |     1 |     5 ||     6
       Temporal Distorti |       |       |       |     6 ||     6
       Slouch            |       |       |       |     2 ||     2
Evoke: Wand              |       |     5 |     2 |     4 ||    11
  Use: Potion            |     1 |       |    10 |     4 ||    15
       Scroll            |       |     4 |     3 |     4 ||    11
 Stab: Sleeping          |     5 |       |       |       ||     5
       Invisible         |     1 |       |       |       ||     1
       Distracted        |       |       |       |     2 ||     2
Armor: Robe              |    10 |       |       |       ||    10
       Plate armour      |       |    86 |   158 |    88 ||   332
       Skin              |       |       |     1 |       ||     1
Dodge: Dodged            |    37 |    36 |    95 |   104 ||   272

Levels and vault maps discovered:
D:1:      lightli_arrival_boilingwater, layout_loops_ring, serial_forest,
          infiniplex_forest_lined_2, infiniplex_forest_lined_corner,
          infiniplex_forest_fountain, infiniplex_forest_end_3,
          infiniplex_forest_end_3, infiniplex_forest_straight_2,
          infiniplex_forest_clump_diagonal, chequers_serial_rivers_marsh,
          patterned_corridor
D:2:      layout_loops_ring, chequers_serial_rivers_large_b,
          minmay_misc_feat_roman
D:3:      layout_rooms, zin_treasury, chequers_ecumenical_altar_simple_redux,
          chequers_arboretum
D:4:      gammafunk_cloud_chamber, layout_basic, lemuel_doored_altar,
          minmay_temple_entry_offerings, uniq_eustachio, uniq_natasha, uniq_ijyb
D:5:      layout_cave_pools, serial_shops, nicolae_shop_hallway_plus,
          nicolae_shop_behind_doors
D:6:      layout_basic, nemelex_altar_shiori, roderic_batcave, uniq_edmund
D:7:      layout_basic
D:8:      layout_loops_ring, worldfamousw_hep_ancestral_shrine,
          mainiacjoe_overflow_divided_tiny, nicolae_sif_muna_condensation,
          uniq_harold
D:9:      layout_gridville, dpeg_oklobed_lair, special_room [special_room_orc],
          hellmonk_bongcloud_opening, minmay_crystal_room,
          minmay_gold_behind_fungi, minmay_fractal_squares_5, uniq_grum
D:10:     layout_roguey, grunt_ministairs_13, uniq_lodul
Temple:   regret_index_temple_generic_petals
Lair:1:   layout_chaotic_city, uniq_maggie
Lair:2:   layout_cave_pods, skrybe_swamp_entry_bodies, kennysheep_snail_temple

Notes
Turn   | Place    | Note
-------+----------+-------------------------------------------
     0 | D:1      | spaghetti the Demonspawn Summoner began the quest for the
                  | Orb.
     0 | D:1      | Reached XP level 1. HP: 13/13 MP: 3/3
     0 | D:1      | magus.rc [v1.9.6]
   193 | D:1      | HP: 2/13 [rat (3)]
   517 | D:1      | Gained mutation: You have large cloven feet. [demonic
                  | ancestry]
   517 | D:1      | Reached XP level 2. HP: 14/19 MP: 5/5
  1424 | D:2      | Gained mutation: You have hoof-like feet. [demonic
                  | ancestry]
  1424 | D:2      | Reached XP level 3. HP: 19/24 MP: 6/6
  1655 | D:2      | Reached skill level 5 in Summonings
  1802 | D:2      | Noticed a phantom
  1815 | D:2      | Killed a phantom
  1816 | D:2      | Reached skill level 3 in Spellcasting
  1816 | D:2      | Gained mutation: Your movements are slightly less
                  | encumbered by armour. (ER -2) [demonic ancestry]
  1816 | D:2      | Reached XP level 4. HP: 10/30 MP: 6/9
  2137 | D:2      | Reached XP level 5. HP: 23/35 MP: 10/10
  2414 | D:2      | Identified a scroll of acquirement
  2414 | D:2      | Acquired a book of Blood
  2416 | D:2      | You pick up a book of Blood and begin reading...
  2416 | D:2      | You add the spells Sublimation of Blood, Wereblood and
                  | Summon Hydra to your library.
  3191 | D:3      | Found a faded altar of an unknown god.
  3283 | D:3      | Reached skill level 4 in Spellcasting
  3441 | D:4      | Found a transporter.
  3510 | D:4      | Gained mutation: You have hooves in place of feet. [demonic
                  | ancestry]
  3510 | D:4      | Reached XP level 6. HP: 41/41 MP: 12/12
  3591 | D:4      | Found a transporter.
  3598 | D:4      | Noticed Ijyb
  3615 | D:4      | Noticed Natasha
  3617 | D:4      | Killed Ijyb
  3621 | D:4      | Killed Natasha
  3744 | D:4      | Found an ancient bone altar of Kikubaaqudgha.
  3802 | D:4      | Noticed Eustachio
  3820 | D:4      | Killed Eustachio
  3821 | D:4      | Reached skill level 5 in Spellcasting
  3821 | D:4      | Reached skill level 6 in Summonings
  4118 | D:4      | Identified the +9 mace "Xoall" {flame, Will+ Str+4}
  4156 | D:4      | Noticed Natasha
  4160 | D:4      | Killed Natasha
  4291 | D:4      | Reached XP level 7. HP: 23/46 MP: 15/15
  4452 | D:4      | Learned a level 3 spell: Call Canine Familiar
  4471 | D:4      | Found a staircase to the Ecumenical Temple.
  4482 | D:4      | You pick up a book of Blood and begin reading...
  4485 | Temple   | Entered the Ecumenical Temple
  4714 | Temple   | Became a worshipper of Cheibriados the Contemplative
  4884 | D:5      | Entered Level 5 of the Dungeon
  4986 | D:5      | Reached skill level 6 in Spellcasting
  5059 | D:5      | Found Angibat's Assorted Antiques.
  5117 | D:5      | Reached skill level 7 in Summonings
  5147 | D:6      | Noticed Edmund
  5150 | D:5      | HP: 11/46 [poisoned by a gnoll]
  5155 | D:5      | HP: 9/46 [poisoned by a gnoll]
  5562 | D:5      | Found Ufeun's Weapon Boutique.
  5762 | D:6      | Killed Edmund
  5763 | D:6      | Reached skill level 8 in Summonings
  5763 | D:6      | Reached XP level 8. HP: 42/52 MP: 17/17
  5810 | D:6      | Reached * piety under Cheibriados
  6315 | D:6      | Reached skill level 9 in Summonings
  6463 | D:6      | HP: 11/78 [ogre/+0 giant club (15)]
  6841 | D:6      | Noticed a manticore
  6942 | D:6      | Reached skill level 1 in Invocations
  7056 | D:6      | Reached ** piety under Cheibriados
  7180 | D:6      | Reached skill level 2 in Invocations
  7185 | D:6      | Reached skill level 3 in Invocations
  7507 | D:6      | Reached skill level 10 in Summonings
  7507 | D:6      | Reached skill level 4 in Invocations
  7585 | D:6      | Found a sparkling altar of Nemelex Xobeh.
  7826 | D:7      | Reached XP level 9. HP: 41/57 MP: 18/18
  8011 | D:7      | Reached skill level 5 in Invocations
  8850 | D:7      | Reached skill level 6 in Invocations
  9018 | D:7      | HP: 13/54 [wight/+3 dire flail (3)]
  9535 | D:7      | Reached skill level 7 in Invocations
  9694 | D:7      | Learned a level 7 spell: Summon Hydra
  9781 | D:8      | Reached skill level 11 in Summonings
  9943 | D:7      | HP: 14/56 [orc warrior/+0 flail (7)]
  9951 | D:7      | Reached *** piety under Cheibriados
 10104 | D:7      | Reached skill level 8 in Invocations
 10197 | D:8      | Found a shimmering blue altar of Sif Muna.
 10245 | D:8      | Noticed Harold
 10258 | D:8      | Killed Harold
 10259 | D:8      | Reached skill level 9 in Invocations
 10259 | D:8      | Gained mutation: You are partially covered in sharp spines.
                  | [demonic ancestry]
 10259 | D:8      | Reached XP level 10. HP: 63/63 MP: 14/19
 10517 | D:8      | Found a shimmering altar of Xom.
 10541 | D:8      | Found a hazy altar of Hepliaklqana.
 10878 | D:8      | HP: 14/63 [gnoll/+0 flail (3)]
 11145 | D:9      | Reached skill level 12 in Summonings
 11230 | D:9      | Reached skill level 10 in Invocations
 11240 | D:9      | Noticed Grum
 11251 | D:9      | HP: 13/63 [Grum/-1 spear (8)]
 11251 | D:9      | Killed Grum
 11260 | D:9      | Noticed a two-headed ogre
 11271 | D:9      | Killed a two-headed ogre
 11366 | D:9      | Reached skill level 11 in Invocations
 11551 | D:9      | Noticed a boulder beetle
 11648 | D:9      | Killed a boulder beetle
 11659 | D:9      | HP: 13/63 [asphyx]
 11880 | D:9      | Reached skill level 13 in Summonings
 12036 | D:9      | Reached skill level 12 in Invocations
 12054 | D:9      | Found a staircase to the Lair.
 12069 | D:9      | Noticed a centaur warrior
 12078 | D:9      | HP: 15/63 [centaur warrior (6)]
 12082 | D:9      | Killed a centaur warrior
 12083 | D:9      | Reached XP level 11. HP: 13/68 MP: 10/20
 13450 | D:9      | Reached **** piety under Cheibriados
 13452 | D:9      | HP: 17/68 [poisoned by an orc priest]
 13859 | D:10     | Entered Level 10 of the Dungeon
 13880 | Lair:1   | Entered Level 1 of the Lair of Beasts
 13880 | Lair:1   | Noticed Maggie
 13888 | Lair:1   | Killed Maggie
 14074 | Lair:1   | Reached skill level 14 in Summonings
 14579 | Lair:1   | magus.rc [v1.9.6]
 14672 | Lair:1   | Identified the +10 lajatang of Action {venom, *Rage rElec
                  | Dex+3 SInv}
 14745 | Lair:1   | You add the spells Borgnjor's Revivification, Necromutation
                  | and Death's Door to your library.
 15299 | Lair:2   | Reached skill level 15 in Summonings
 15303 | Lair:2   | Noticed a bog body
 15312 | Lair:2   | HP: 14/68 [bog body (15)]
 15313 | Lair:2   | Killed a bog body
 15645 | Lair:2   | HP: 16/68 [poisoned by a black mamba]
 15646 | Lair:2   | Slain by a yak

Vanquished Creatures
  A centaur warrior (D:9)
  A two-headed ogre (D:9)
  A bog body (Lair:2)
  A black mamba (Lair:2)
  4 cane toads
  A komodo dragon (Lair:1)
  A blink frog (Lair:2)
  4 yaks (Lair:1)
  A basilisk (Lair:1)
  Eustachio (D:4)
  2 wyverns
  2 steam dragons
  An acid dragon (D:9)
  Edmund (D:6)
  4 water moccasins
  2 orc warriors (D:9)
  A sky beast (D:6)
  3 wolves (D:9)
  3 ice beasts
  3 ogres
  2 phantoms
  4 centaurs
  2 kobold brigands
  5 bullfrogs
  A necrophage (D:5)
  3 scorpions
  6 wights
  A howler monkey (D:9)
  A vampire bat (D:6)
  5 hounds
  5 jellies
  5 orc priests
  Ijyb (D:4)
  Natasha (twice) (D:4)
  2 iguanas
  5 orc wizards
  3 adders
  14 gnolls
  3 white imps
  A nameless horror (D:6)
  A worm (D:2)
  4 dart slugs
  35 orcs
  8 bats
  3 endoplasms (D:2)
  2 giant cockroaches
  2 goblins
  4 hobgoblins
  10 kobolds
  3 quokkas
  4 ball pythons
  A frilled lizard (D:3)
  9 rats
195 creatures vanquished.

Vanquished Creatures (collateral kills)
  Harold (D:8)
  A boulder beetle (D:9)
  Maggie (Lair:1)
  A komodo dragon (Lair:1)
  2 blink frogs (Lair:2)
  A yak (Lair:1)
  A wyvern (D:8)
  Grum (D:9)
  2 orc warriors
  A centaur (D:8)
  3 bullfrogs
  A gnoll sergeant (D:9)
  6 wights (D:7)
  3 howler monkeys (D:9)
  3 orc priests
  2 gnolls
  A dart slug (D:2)
  5 orcs (D:9)
  An endoplasm (D:1)
  5 kobolds
  2 frilled lizards (D:1)
  2 rats (D:1)
46 creatures vanquished.

Vanquished Creatures (others)
  7 fungi (D:9)
  7 plants
  3 toadstools (D:9)
17 creatures vanquished.

Grand Total: 258 creatures vanquished

Table legend:
 A = Non-vault XP
 B = Vault XP
 C = Vault XP percentage of total XP
 D = Non-vault monster count
 E = Vault monster count
 F = Vault count percentage of total count
                 A         B        C        D         E       F
            +---------+---------+-------+---------+---------+-------
      Total |   12573 |    5674 |  31.1 |     190 |      50 |  20.8
            +---------+---------+-------+---------+---------+-------
        D:1 |      28 |       0 |   0.0 |      17 |       0 |   0.0
        D:2 |     192 |       0 |   0.0 |      23 |       0 |   0.0
        D:3 |      75 |       0 |   0.0 |      14 |       0 |   0.0
        D:4 |     195 |     259 |  57.0 |      12 |       3 |  20.0
        D:5 |     555 |       0 |   0.0 |      13 |       0 |   0.0
        D:6 |    1130 |     215 |  16.0 |      31 |       6 |  16.2
        D:7 |    1892 |       0 |   0.0 |      30 |       0 |   0.0
        D:8 |     862 |     876 |  50.4 |      10 |       1 |   9.1
        D:9 |    2281 |    3271 |  58.9 |      20 |      38 |  65.5
     Lair:1 |    2904 |     404 |  12.2 |      12 |       1 |   7.7
     Lair:2 |    2459 |     649 |  20.9 |       8 |       1 |  11.1
            +---------+---------+-------+---------+---------+-------

Illustrated notes

Table legend:
 A = Kills in this place as a percentage of kills in entire the game.
 B = Kills by you in this place as a percentage of kills by you in the entire game.
 C = Kills by friends in this place as a percentage of kills by friends in the entire game.
 D = Other kills in this place as a percentage of other kills in the entire game.
 E = Experience gained in this place as a percentage of experience gained in the entire game.
 F = Experience gained in this place divided by the number of levels of this place that you have seen.
                   A       B       C       D       E      F
               +-------+-------+-------+-------+-------+----------------------
         Total | 100.0 | 100.0 | 100.0 |   N/A | 100.0 | 1403.6
       Dungeon |  90.8 |  91.8 |  87.0 |   N/A |  64.8 | 1183.1
          Lair |   9.2 |   8.2 |  13.0 |   N/A |  35.2 | 3208.0
               +-------+-------+-------+-------+-------+----------------------

Table legend: (Time is in decaauts)
 A = Elapsed time spent in this place.
 B = Non-inter-level travel time spent in this place.
 C = Inter-level travel time spent in this place.
 D = Time resting spent in this place.
 E = Time spent auto-exploring this place.
 F = Levels seen in this place.
 G = Mean time per level.
                   A        B        C        D        E       F      G
               +--------+--------+--------+--------+--------+-----+--------+
         Total |  18306 |  17914 |    392 |   6096 |   9821 |  13 | 1408.2 |
       Dungeon |  15675 |  15367 |    308 |   5264 |   8299 |  10 | 1567.5 |
        Temple |    259 |    195 |     64 |      0 |    187 |   1 |  259.0 |
          Lair |   2370 |   2351 |     19 |    831 |   1335 |   2 | 1185.0 |
               +--------+--------+--------+--------+--------+-----+--------+

Top non-repeatable levels by time:
     D:9: 3272 daAuts
     D:7: 2796 daAuts
     D:6: 2409 daAuts
  Lair:1: 1856 daAuts
     D:2: 1505 daAuts
     D:8: 1447 daAuts
     D:1: 1365 daAuts
     D:4: 1264 daAuts
     D:5: 1021 daAuts
     D:3: 591 daAuts
  Lair:2: 513 daAuts
  Temple: 259 daAuts
    D:10: 1 daAuts
